 Dungeon Crawl Stone Soup version 0.28.0-1-gb440e238dd (webtiles) character file.

Game seed: 7435344892542684468

91318 xSliceyx the Imperceptible (level 15, -3/80 HPs)
             Began as a Spriggan Brigand on Feb 14, 2022.
             Was a High Priest of Makhleb.
             Slain by a +2 hand axe of freezing (13 damage)
             ... on level 2 of the Orcish Mines on Feb 19, 2022.
             The game lasted 03:56:48 (48610 turns).

xSliceyx the Imperceptible (Spriggan Brigand)      Turns: 48610, Time: 03:56:48

Health: -3/80      AC:  6    Str: 19    XL:     15   Next: 54%
Magic:  18/22      EV: 31    Int: 20    God:    Makhleb [*****.]
Gold:   1715       SH: 14    Dex: 17    Spells: 2/14 levels left

rFire   . . .      SeeInvis +   x - +7 dagger (drain)
rCold   + . .      Faith    .   g - +2 buckler
rNeg    . . .      Spirit   .   a - +1 robe "Diluu" {*Corrode rC+ Int+6}
rPois   .          Reflect  +   W - +2 hat
rElec   .          Harm     .   c - +0 cloak
rCorr   .          Rampage  .   (gloves unavailable)
Will    +++..                   (boots unavailable)
Stlth   +++++++++.              k - amulet of reflection
HPRegen 0.23/turn               A - +4 ring of evasion
MPRegen 0.18/turn               X - ring "Xinom" {Will+ Str+6}

@: studying Long Blades, very quick
A: very small, no large weapons, unfitting armour, see invisible, speed 3
a: Renounce Religion, Minor Destruction, Lesser Servant of Makhleb, Major
Destruction, Greater Servant of Makhleb


You were on level 2 of the Orcish Mines.
You worshipped Makhleb.
Makhleb was extremely pleased with you.
You visited 4 branches of the dungeon, and saw 23 of its levels.
You also visited: Ossuary, Bailey and Ice Cave.

You collected 3308 gold pieces.
You spent 1593 gold pieces at shops.

Inventory:

Hand Weapons
 x - a +7 dagger of draining (weapon)
 H - the +4 dagger "Eparopo" {vorpal, +Blink}
   (You found it on level 10 of the Dungeon)

   It inflicts extra damage upon your enemies.
   +Blink:    It lets you blink.
 J - a +4 rapier
Missiles
 f - 9 curare-tipped darts
 i - 11 silver boomerangs (quivered)
 s - 14 poisoned darts
Armour
 a - the +1 robe "Diluu" (worn) {*Corrode rC+ Int+6}
   (You found it on level 11 of the Dungeon)

   Int:       It affects your intelligence (+6).
   rC:        It protects you from cold.
   *Corrode:  It may corrode you when you take damage.
 c - a +0 cloak (worn)
 g - a +2 buckler (worn)
 W - a +2 hat (worn)
Jewellery
 d - a +4 ring of slaying
 k - an amulet of reflection (around neck)
 A - a +4 ring of evasion (left hand)
 E - a ring of protection from fire
 O - a +4 ring of protection
 X - the ring "Xinom" (right hand) {Will+ Str+6}
   (You bought it in a shop on level 2 of the Orcish Mines)

   [ring of strength]

   Str:       It affects your strength (+6).
   Will:      It increases your willpower.
Wands
 C - a wand of flame (37)
 F - a wand of paralysis (13)
 I - a wand of polymorph (5)
 N - a wand of charming (2)
 Q - a wand of mindburst (6)
 S - a wand of digging (8)
Scrolls
 e - 4 scrolls of fear {unknown}
 h - 2 scrolls of silence
 n - 2 scrolls of summoning
 o - a scroll of vulnerability {unknown}
 q - 4 scrolls of teleportation
 t - 3 scrolls of fog
 z - 3 scrolls of magic mapping
 T - a scroll of brand weapon {unknown}
Potions
 j - 2 potions of flight
 l - 2 potions of magic
 m - 5 potions of lignification
 p - a potion of invisibility
 r - 5 potions of brilliance {unknown}
 u - 3 potions of curing
 v - 4 potions of heal wounds
 w - 5 potions of haste
 L - 2 potions of cancellation {unknown}
 P - a potion of ambrosia {unknown}
 U - a potion of attraction {unknown}
Miscellaneous
 b - a phantom mirror
 y - a tin of tremorstones (2/2)
 B - a phial of floods


   Skills:
 - Level 10.0 Fighting
 - Level 7.0 Short Blades
 - Level 5.0 Throwing
 - Level 14.8 Dodging
 + Level 25.5 Stealth
 - Level 4.0 Shields
 - Level 7.5 Hexes
 - Level 3.0 Ice Magic
 - Level 9.0 Invocations
 - Level 8.0 Evocations


You had 2 spell levels left.
You knew the following spells:

 Your Spells              Type           Power      Damage    Failure   Level
a - Ensorcelled Hibernat  Hex/Ice        42%        N/A       7%          2
b - Tukima's Dance        Hex            30%        N/A       5%          3
c - Cause Fear            Hex            15%        N/A       17%         4
d - Ozocubu's Armour      Ice            12%        N/A       32%         3

Your spell library contained the following spells:

 Spells                   Type           Power      Damage    Failure   Level
 Corpse Rot               Necr/Air       0%         N/A       50%         2
 Sublimation of Blood     Necr           0%         N/A       50%         2
 Dazzling Flash           Conj/Hex       30%        N/A       24%         3
 Frozen Ramparts          Ice            24%        1d4       32%         3
 Anguish                  Hex/Necr       7%         N/A       63%         4
 Spider Form              Tmut/Pois      0%         N/A       75%         3
 Ice Form                 Ice/Tmut       6%         N/A       90%         4
 Summon Ice Beast         Ice/Summ       6%         N/A       90%         4
 Dispel Undead            Necr           0%         3d6       98%         4
 Iskenderun's Mystic Bla  Conj/Tloc      0%         2d3       98%         4
 Petrify                  Tmut/Erth      0%         N/A       98%         4
 Alistair's Intoxication  Tmut/Pois      0%         N/A       100%        5
 Borgnjor's Vile Clutch   Necr/Erth      0%         N/A       100%        5
 Freezing Cloud           Conj/Ice/Air   2%         6-21      100%        5
 Irradiate                Conj/Tmut      0%         3d13      100%        5
 Death Channel            Necr           0%         N/A       100%        6
 Eringya's Noxious Bog    Tmut/Pois      0%         N/A       100%        6
 Simulacrum               Ice/Necr       3%         N/A       100%        6
 Starburst                Conj/Fire      0%         6d3       100%        6
 Dragon Form              Tmut           0%         N/A       100%        7
 Enfeeble                 Hex            15%        N/A       100%        7
 Ozocubu's Refrigeration  Ice            6%         4d6       100%        7
 Dragon's Call            Summ           0%         N/A       100%        9
 Polar Vortex             Ice            6%         N/A       100%        9


Dungeon Overview and Level Annotations

Branches:
Dungeon (14/15)            Temple (0/1) D:6            Lair (6/6) D:10
  Swamp (0/4) Lair:4        Snake (0/4) Lair:2        Slime (0/5) Lair:5
    Orc (2/2) D:10            Elf (1/3) Orc:2        Vaults (0/5) D:14
Ossuary (visited)          Bailey (visited)           IceCv (visited)

Altars:
Fedhas
Hepliaklqana
Kikubaaqudgha
Makhleb
Uskayaw
Beogh

Shops:
D:1 (   D:4 (   Orc:2 [=:[

Annotations:
D:10 hikkokomori's ghost, journeyman FoFi
D:14 Nessos


Innate Abilities, Weirdness & Mutations

You are very small and have problems with some larger weapons.
You are too small for most types of armour.
You have supernaturally acute eyesight. (SInv)
You cover ground extremely quickly. (Speed+++)


Message History

You reflect the arrow off an invisible shield around you!
The arrow hits the deep elf archer!!
A deep elf archer comes into view. It is wielding a +0 short sword.
The +2 antimagic hand axe hits you!
* * * LOW HITPOINT WARNING * * *
You feel your power leaking away.
The deep elf archer gestures wildly while chanting.
The deep elf archer blinks!
Unknown command.
The deep elf zephyrmancer casts a spell.
The deep elf zephyrmancer blinks!
The fire elemental barely misses you.
Your surroundings suddenly seem different.
A +2 hand axe of freezing, a deep elf elementalist and a deep elf pyromancer come into view.
You feel much better. The deep elf pyromancer misses you.
The +2 hand axe of freezing barely misses you.
The deep elf pyromancer completely misses you.
The +2 hand axe of freezing closely misses you.
The deep elf elementalist shouts!
The deep elf elementalist casts a spell at thin air.
You hear rumbling.
There is an open door here.
The deep elf pyromancer gestures wildly while chanting.
The deep elf pyromancer blinks!
There is a staircase back to the Mines here.
You barely miss the +2 hand axe of freezing.
You block the +2 hand axe of freezing's attack. x2
You miss the +2 hand axe of freezing. The +2 hand axe of freezing hits you.
You barely miss the +2 hand axe of freezing.
The +2 hand axe of freezing hits you!
* * * LOW HITPOINT WARNING * * *
The +2 hand axe of freezing freezes you.
* * * LOW HITPOINT WARNING * * *
The +2 hand axe of freezing hits you!
* * * LOW HITPOINT WARNING * * *
The +2 hand axe of freezing freezes you.
* * * LOW HITPOINT WARNING * * *
You climb upwards.
Welcome back to the Orcish Mines!
There is a staircase to the Elven Halls here.
The +2 hand axe of freezing hits you!
You die...

#..<....)..####.....#.#####......
#^.........##..........#..#......
......).....##...............#...
......#......................##..
...#####........###..........#...
....###........#####........###..
.....##..........##.>..#....##...
.....##...........)...##.....#...
.....#......##..@(....##.#.......
#.......#..###........##.#.......
#.......#### #.....#########...##
##.#.....# ##.....# ##..#
###....## #....## #...# ######
##...# ##.## ##### ###


You could see a +2 hand axe of freezing.

Vanquished Creatures
  Frances (D:13)
  11 hydras
  A boulder beetle (D:13)
  Fannar (D:12)
  A catoblepas (Lair:6)
  5 two-headed ogres
  5 death yaks (Lair:5)
  Nergalle (Lair:1)
  A deep elf knight (Elf:1)
  Pikel (D:5)
  4 deep elf pyromancers
  4 orc knights
  2 orc sorcerers (Orc:1)
  2 manticores
  2 wolf spiders (Lair:6)
  4 cyclopes
  7 ugly things
  12 elephants
  2 gargoyles (D:12)
  11 black mambas
  Maurice (D:9)
  An ice statue (IceCv)
  A torpor snail (Lair:6)
  19 cane toads
  6 kobold demonologists
  A komodo dragon (shapeshifter) (D:12)
  10 komodo dragons
  10 rime drakes
  6 trolls
  3 hornets
  9 slime creatures
  7 blink frogs
  4 dream sheep (Lair:4)
  3 wraiths
  46 yaks
  2 shadows (D:11)
  13 wyverns
  9 spriggans (D:9)
  Grum (D:9)
  2 fire elementals
  3 hogs
  3 basilisks
  A redback (Lair:6)
  4 vampire mosquitoes (D:12)
  5 wargs
  Menkaure (D:5)
  2 steam dragons (D:9)
  An acid dragon (D:12)
  20 water moccasins
  Duvessa (D:5)
  38 orc warriors
  An ice beast (D:7)
  A sky beast (D:7)
  11 wolves
  8 ogres
  3 black bears
  23 centaurs
  2 lemures
  11 bullfrogs
  12 kobold brigands
  4 gnoll sergeants
  A scorpion (D:6)
  A wyvern zombie (D:5)
  Dowan (D:5)
  5 killer bees (D:10)
  2 lindwurm simulacra (IceCv)
  3 wights
  6 electric eels (Lair:4)
  A lava snake (D:10)
  4 centaur zombies
  2 hounds
  A human zombie (Ossuary)
  6 komodo dragon simulacra (IceCv)
  2 gnoll shamans
  13 jellies
  12 orc priests
  A bullfrog skeleton (D:5)
  2 centaur skeletons (D:7)
  7 iguanas
  16 orc wizards
  5 hell rats
  4 mummies (Ossuary)
  3 howler monkey zombies
  5 acid dragon simulacra (IceCv)
  27 gnolls
  4 adders
  4 shadow imps
  7 steam dragon simulacra (IceCv)
  An adder zombie (Ossuary)
  A worm (D:2)
  71 orcs
  6 ball pythons
  3 bats
  8 endoplasms
  4 giant cockroaches
  A gnoll zombie (Ossuary)
  7 goblins
  4 hobgoblins
  6 jackals (D:2)
  51 kobolds
  5 quokkas
  4 frilled lizards
  3 goblin zombies (Ossuary)
  A jackal zombie (Ossuary)
  2 kobold zombies (Ossuary)
  4 rats
  3 rat zombies (Ossuary)
717 creatures vanquished.

Vanquished Creatures (collateral kills)
  Kirke (D:13)
  An ice dragon (IceCv)
  Sonja (D:12)
  An orc knight (Orc:2)
  A deep elf pyromancer (Bailey)
  A wolf spider (shapeshifter) (D:13)
  A guardian serpent (Lair:6)
  A black mamba (Lair:6)
  Joseph (Lair:1)
  An ice statue (IceCv)
  A cane toad (Lair:6)
  A blink frog (Lair:6)
  3 dream sheep (Lair:4)
  A wraith (D:13)
  4 wyverns
  10 yaks
  A warg (Orc:1)
  3 nagas (Lair:2)
  A water moccasin (Lair:6)
  4 orc warriors
  3 wolves
  A centaur (Orc:2)
  A lindwurm simulacrum (IceCv)
  2 gnolls (D:7)
  4 orcs
50 creatures vanquished.

Vanquished Creatures (others)
  A centaur simulacrum (D:14)
  A human (D:13)
  A kobold brigand (D:13)
  A killer bee (D:14)
  A kobold (D:8)
  A bush (Lair:2)
  69 fungi
  102 plants
  10 toadstools (D:6)
  2 withered plants (D:10)
189 creatures vanquished.

Grand Total: 956 creatures vanquished

Notes
Turn   | Place    | Note
-------+----------+-------------------------------------------
     0 | D:1      | xSliceyx the Spriggan Brigand began the quest for the Orb.
     0 | D:1      | Reached XP level 1. HP: 10/10 MP: 2/2
    86 | D:1      | Reached skill level 6 in Stealth
   244 | D:1      | Reached XP level 2. HP: 14/14 MP: 3/3
   462 | D:1      | Found a faded altar of an unknown god.
   514 | D:1      | Prayed at the altar of an unknown god.
   514 | D:1      | Became a worshipper of Makhleb the Destroyer
   514 | D:1      | Reached * piety under Makhleb
   619 | D:1      | Reached skill level 7 in Stealth
   904 | D:1      | Found Biyl's Weapon Shoppe.
  1626 | D:1      | Reached XP level 3. HP: 14/18 MP: 4/4
  1815 | D:2      | Reached ** piety under Makhleb
  2095 | D:2      | Reached skill level 8 in Stealth
  2403 | D:3      | Found a transporter.
  2533 | D:3      | Noticed a kobold demonologist
  2559 | D:3      | Noticed a +0 falchion
  2560 | D:3      | Noticed a +0 dagger
  2560 | D:3      | Noticed a +0 dagger
  2560 | D:3      | Noticed a +0 short sword
  2560 | D:3      | Noticed a +0 spear
  2560 | D:3      | Noticed a +0 short sword
  2562 | D:3      | Noticed a +0 falchion
  2563 | D:3      | Noticed a +0 spear
  2567 | D:3      | Found a hide-covered altar of Uskayaw.
  2577 | D:3      | Found a transporter.
  2594 | D:3      | Reached XP level 4. HP: 22/22 MP: 5/5
  3133 | D:3      | Reached skill level 9 in Stealth
  3223 | D:3      | Reached XP level 5. HP: 22/25 MP: 6/6
  3775 | D:4      | Reached skill level 10 in Stealth
  3882 | D:4      | Found Uzyguskavu's Weapon Shoppe.
  4292 | D:4      | You fall into a shaft and drop 1 floor!
  4292 | D:5      | Entered Level 5 of the Dungeon
  4414 | D:5      | Reached skill level 11 in Stealth
  4428 | D:5      | Reached XP level 6. HP: 13/30 MP: 7/7
  4871 | D:5      | Reached skill level 1 in Invocations
  5050 | D:5      | Reached XP level 7. HP: 33/33 MP: 8/10
  5145 | D:5      | Noticed Pikel
  5894 | D:5      | Killed Pikel
  5895 | D:5      | Reached skill level 5 in Invocations
  5895 | D:5      | Reached XP level 8. HP: 18/42 MP: 12/12
  6602 | D:5      | Noticed Menkaure
  6845 | D:6      | Found a staircase to the Ecumenical Temple.
  6890 | D:6      | Found a sand-covered staircase.
  6899 | Ossuary  | Entered an ossuary
  6906 | Ossuary  | Reached skill level 5 in Fighting
  8106 | D:6      | Reached *** piety under Makhleb
  8353 | D:6      | Noticed a slime creature
  8354 | D:6      | Noticed a slime creature
  8354 | D:6      | Noticed a slime creature
  8958 | D:5      | Killed a slime creature
  8959 | D:5      | Reached XP level 9. HP: 19/50 MP: 13/13
  9395 | D:5      | Noticed Dowan
  9396 | D:5      | Noticed Duvessa
  9406 | D:5      | Killed Dowan
  9448 | D:5      | Killed Duvessa
  9465 | D:5      | Reached skill level 5 in Throwing
 10458 | D:6      | Reached skill level 5 in Short Blades
 10632 | D:7      | Found a blossoming altar of Fedhas.
 10666 | D:7      | Found a hazy altar of Hepliaklqana.
 10686 | D:7      | Found a flagged portal.
 10727 | Bailey   | Entered a bailey
 10899 | Bailey   | Reached skill level 12 in Stealth
 11111 | Bailey   | Noticed an orc knight
 11208 | Bailey   | Killed an orc knight
 11209 | Bailey   | Reached skill level 13 in Stealth
 11209 | Bailey   | Reached XP level 10. HP: 30/55 MP: 14/14
 11386 | Bailey   | Found a large runed translucent door.
 11386 | Bailey   | Found a large runed translucent door.
 11387 | Bailey   | Noticed a deep elf pyromancer
 11411 | Bailey   | Killed a deep elf pyromancer
 11412 | Bailey   | Reached skill level 14 in Stealth
 11580 | Bailey   | Identified the +9 plate armour "Fuphac Qenu" {rC+}
 12382 | D:7      | Reached skill level 15 in Stealth
 13648 | D:8      | Reached **** piety under Makhleb
 13944 | D:8      | Reached skill level 16 in Stealth
 14344 | D:9      | Noticed a six-headed hydra
 14375 | D:9      | Killed a six-headed hydra
 14376 | D:9      | Reached skill level 17 in Stealth
 14405 | D:9      | Noticed Maurice
 14409 | D:9      | Paralysed by Maurice for 5 turns
 14424 | D:9      | Killed Maurice
 14707 | D:9      | Reached skill level 5 in Dodging
 14724 | D:9      | Noticed a two-headed ogre
 14762 | D:9      | Killed a two-headed ogre
 14763 | D:9      | Reached XP level 11. HP: 57/58 MP: 15/15
 16036 | D:9      | Noticed Grum
 16073 | D:9      | Killed Grum
 16406 | D:9      | Reached skill level 10 in Dodging
 16596 | D:9      | Noticed a sixfirhy
 17553 | D:5      | Killed Menkaure
 17782 | D:10     | Entered Level 10 of the Dungeon
 18254 | D:10     | Found a staircase to the Lair.
 18764 | D:10     | Identified the +4 dagger "Eparopo" {vorpal, +Blink}
 18913 | D:10     | Found a staircase to the Orcish Mines.
 18979 | D:10     | Found a runed translucent door.
 18979 | D:10     | Noticed hikkokomori's ghost (journeyman FoFi)
 19049 | D:10     | Found an ancient bone altar of Kikubaaqudgha.
 19073 | D:10     | Reached skill level 1 in Evocations
 19177 | D:10     | Noticed a six-headed hydra
 19183 | D:10     | Killed a six-headed hydra
 19251 | D:10     | Identified the +0 pair of boots of the Lily {rC+ Dex+4
                  | Slay+2}
 19385 | Lair:1   | Entered Level 1 of the Lair of Beasts
 19413 | Lair:1   | Noticed Joseph
 19429 | Lair:1   | Killed Joseph
 19811 | Lair:1   | Reached XP level 12. HP: 53/63 MP: 18/18
 20470 | Lair:1   | Noticed Nergalle
 20717 | Lair:1   | Reached skill level 5 in Evocations
 20770 | Lair:1   | Killed Nergalle
 21543 | Lair:2   | Reached ***** piety under Makhleb
 21981 | Lair:2   | Reached skill level 18 in Stealth
 22277 | Lair:2   | Reached skill level 19 in Stealth
 22316 | Lair:2   | Found a staircase to the Snake Pit.
 22791 | Lair:2   | Reached skill level 20 in Stealth
 24815 | Lair:3   | Noticed a five-headed hydra
 24877 | Lair:2   | Killed a five-headed hydra
 25315 | Lair:3   | Reached XP level 13. HP: 55/68 MP: 20/20
 26823 | Lair:4   | Found a staircase to the Swamp.
 29000 | Lair:5   | Reached skill level 10 in Fighting
 29427 | Lair:5   | Found a staircase to the Slime Pits.
 29930 | Lair:5   | Paralysed by a hornet for 1 turns
 31366 | Lair:5   | Reached skill level 21 in Stealth
 31674 | Lair:6   | Entered Level 6 of the Lair of Beasts
 33053 | Lair:5   | Reached skill level 1 in Shields
 33553 | Lair:5   | Reached skill level 22 in Stealth
 33553 | Lair:5   | Reached XP level 14. HP: 45/77 MP: 21/21
 34142 | Lair:6   | Learned a level 2 spell: Ensorcelled Hibernation
 34700 | Lair:6   | Reached skill level 23 in Stealth
 35442 | Lair:6   | Reached skill level 1 in Hexes
 36095 | Lair:6   | Learned a level 3 spell: Tukima's Dance
 36333 | D:11     | Identified the +1 robe "Diluu" {*Corrode rC+ Int+6}
 36536 | D:11     | Reached skill level 5 in Hexes
 36536 | D:11     | Reached skill level 1 in Ice Magic
 37636 | D:12     | Noticed Fannar
 38962 | D:13     | Noticed Frances
 38974 | D:13     | Killed Frances
 39196 | D:13     | Noticed Kirke
 39245 | D:13     | Identified the +1 robe of the Circus Animal {Will+}
 39272 | D:13     | Noticed Sonja
 39295 | D:13     | Noticed a sphinx
 39304 | D:14     | Noticed Nessos
 39321 | D:14     | Found a gate to the Vaults.
 39328 | D:13     | Noticed a sphinx
 39513 | Orc:1    | Entered Level 1 of the Orcish Mines
 39684 | Orc:2    | Entered Level 2 of the Orcish Mines
 39793 | Orc:2    | Found a staircase to the Elven Halls.
 39801 | Orc:2    | Found a frozen archway.
 39817 | IceCv    | Entered an ice cave
 40188 | IceCv    | Learned a level 3 spell: Frozen Ramparts
 40192 | IceCv    | Learned a level 3 spell: Ozocubu's Armour
 41126 | IceCv    | Reached XP level 15. HP: 32/80 MP: 22/22
 42499 | Orc:2    | Reached skill level 24 in Stealth
 42588 | Orc:2    | Found Ucsiger's Book Shop.
 42588 | Orc:2    | Found Dozouple's Jewellery Emporium.
 42590 | Orc:2    | Found Ykerch's Antique Armour Shoppe.
 42592 | Orc:2    | Found Foudgho's Armour Boutique.
 42607 | Orc:2    | Bought the ring "Xinom" {Will+ Str+6} for 995 gold pieces
 42611 | Orc:2    | Bought a book of the Dragon for 598 gold pieces
 42617 | Orc:2    | Learned a level 4 spell: Cause Fear
 42843 | Orc:1    | Reached ****** piety under Makhleb
 45786 | D:12     | Killed Sonja
 45804 | D:12     | Killed Fannar
 45932 | D:13     | Killed Kirke
 45938 | D:13     | Noticed an emperor scorpion
 45938 | D:13     | a seven-headed hydra changed into an emperor scorpion
 45942 | D:13     | an emperor scorpion changed into a wolf spider
 47068 | D:14     | Reached skill level 25 in Stealth
 48340 | D:13     | Upgraded the game from 0.28.0 to 0.28.0-1-gb440e238dd
 48450 | Elf:1    | Entered Level 1 of the Elven Halls
 48610 | Orc:2    | Slain by a +2 hand axe of freezing

Illustrated notes

Levels and vault maps discovered:
D:1:      dpeg_arrival_chambers_temple_mockup, layout_basic,
          nicolae_ecumenical_snake_handling, serial_shops, shop
D:2:      layout_loops_ring
D:3:      gammafunk_wand_slinger, layout_rooms, nicolae_uskayaw_en_pointe,
          chequers_serial_rivers_large_b, st_stairs_4
D:4:      layout_loops_ring, serial_shops, nicolae_shop_bloodbath_and_beyond
D:5:      layout_basic, uniq_menkaure, uniq_pikel, uniq_duvessa
D:6:      cheibrodos_fertilizer, layout_rooms, minmay_temple_entry_overgrown,
          chequers_ossuary_entry_cave
D:7:      layout_basic, fedhas_bush_and_centaur_altar,
          nicolae_hepliaklqana_hazy_memory, enter_bailey_3, grunt_tough_drop
D:8:      layout_cave_pods
D:9:      kb_forest_paths, layout_basic, uniq_maurice, uniq_grum
D:10:     layout_loops_cross, nicolae_overflow_crystal_walls,
          david_lair_generic, orc_0_dummy, gammafunk_ghost_grave,
          kennysheep_generic_room_16
D:11:     layout_roguey, minmay_unpleasant_kobolds
D:12:     layout_loops_ring, nicolae_benzene_ring, hangedman_decor_opposing,
          uniq_fannar
D:13:     layout_rooms, uniq_kirke, uniq_sonja, uniq_frances
D:14:     regret_index_wax_grids, layout_basic, david_vaults_2,
          hangedman_decor_growths, drop_trap, uniq_snorg, uniq_nessos
Lair:1:   layout_long_grid, nicolae_quartered_pool_little, uniq_nergalle,
          uniq_joseph
Lair:2:   layout_roguey, guppyfry_snake_entry_garden, st_stairs_13,
          chequers_serial_rivers_micro_c
Lair:3:   layout_cave_pods
Lair:4:   layout_gridlike, minmay_swamp_entry_eels, serial_bayou_shore_b,
          infiniplex_staircase_pool
Lair:5:   layout_regular_city, minmay_slime_entry_pillars
Lair:6:   hangedman_lair_tendril_chambers, layout_regular_city
Orc:1:    layout_caves
Orc:2:    st_orc_rangers, layout_diamond_mine, portal_ice_cave_entry_pillars_2,
          basic_altar
Elf:1:    nicolae_elf_arrival_fired_up, layout_onion_city,
          minmay_elf_necromancy, st_stairs_12,
          nicolae_concentric_dashed_squares_wild

Skill      XL: |  1  2  3  4  5  6  7  8  9 10 11 12 13 14 15 |
---------------+----------------------------------------------+-----
Stealth        | 6 7 8 9 11 13 17 20 22 23 25 | 25.5
Invocations    | 3 5 7 8 9 |  9.0
Fighting       | 4 7 8 10 | 10.0
Throwing       | 3 5 |  5.0
Short Blades   | 7 |  7.0
Dodging        | 6 12 14 | 14.8
Evocations     | 3 7 8 |  8.0
Shields        | 1 4 |  4.0
Hexes          | 6 7 |  7.5
Ice Magic      | 3 |  3.0

Action                   |  1- 3 |  4- 6 |  7- 9 | 10-12 | 13-15 || total
-------------------------+-------+-------+-------+-------+-------++-------
Melee: Dagger            |   105 |    99 |   330 |  1321 |  2156 ||  4011
       Punch             |     1 |       |     5 |    15 |    14 ||    35
Throw: Dart              |    33 |    27 |    18 |    26 |       ||   104
       Boomerang         |       |       |       |       |    27 ||    27
 Cast: Ensorcelled Hiber |       |       |       |       |     2 ||     2
       Tukima's Dance    |       |       |       |       |     1 ||     1
       Cause Fear        |       |       |       |       |     1 ||     1
Invok: Minor Destruction |       |       |   110 |   135 |   392 ||   637
       Lesser Servant of |       |       |     5 |    14 |    22 ||    41
       Major Destruction |       |       |       |    24 |    19 ||    43
       Greater Servant o |       |       |       |       |     3 ||     3
 Abil: Evoke Blink       |       |       |       |     2 |     1 ||     3
  Use: Scroll            |       |     4 |     2 |     6 |    18 ||    30
       Potion            |       |       |       |     3 |     3 ||     6
 Stab: Sleeping          |    25 |     5 |     9 |    36 |    63 ||   138
       Distracted        |       |     1 |     3 |    11 |    22 ||    37
       Petrifying        |       |       |       |       |     1 ||     1
Armor: Robe              |     6 |     5 |    38 |    30 |    73 ||   152
Dodge: Dodged            |    51 |    47 |   197 |   785 |  1440 ||  2520
Block: Other             |     4 |    18 |    50 |   150 |    60 ||   282
       Reflection        |     1 |       |     1 |     5 |    62 ||    69
       Buckler           |       |       |       |       |  1006 ||  1006
